 Dungeon Crawl Stone Soup version 0.30-a0-912-ge10d75a369 (webtiles) character file.

Game seed: 13091035537082868970

1600 Firzen the Chopper (level 8, 0/48 HPs)
             Began as a Gargoyle Gladiator on Mar 19, 2023.
             Was an Initiate of Trog.
             Splashed by a jelly's acid (2 damage)
             ... created by Jiyva
             ... on level 6 of the Dungeon.
             The game lasted 00:28:15 (2167 turns).

Firzen the Chopper (Gargoyle Gladiator)             Turns: 2167, Time: 00:28:16

Health: 0/48       AC:  4    Str: 20    XL:     8   Next: 94%
Magic:  8/8        EV: 10    Int:  9    God:    Trog [......]
Gold:   1          SH:  0    Dex: 13    Spells: 7/7 levels left

rFire   + + .      SeeInvis .    F - +10 dagger of Cutaf {freeze, *Noise rF+ Dex+2}
rCold   + . .      Faith    .    (no shield)
rNeg    + . .      Spirit   .    E - +0 plate armour
rPois   ∞          Reflect  .    s - +1 hat
rElec   +          Rampage  .    u - scarf {rC+ rF+}
rCorr   .                        (no gloves)
Will    .....                    t - +1 pair of boots Stlth
                                 (no amulet)
HPRegen 0.28/turn                (no ring)
MPRegen 0.11/turn                (no ring)

@: corroded
A: sickness immunity, AC +5, negative energy resistance 1, electricity
resistance, torment resistance 1, petrification resistance, gelatinous body 3,
tendrils
a: Renounce Religion


You were on level 6 of the Dungeon.
You worshipped Trog.
Trog was noncommittal.
You visited 1 branch of the dungeon, and saw 6 of its levels.

You collected 107 gold pieces.
You spent 106 gold pieces at shops.

Inventory:

Hand Weapons
 a - a +0 flail
 h - a +0 spear
 i - a +4 whip
 v - the +4 hand axe "Mozoce" {drain, Fly Str-3 Int-5 Dex+4}
   (You took it off a goblin on level 3 of the Dungeon)

   Str:       It affects your strength (-3).
   Int:       It affects your intelligence (-5).
   Dex:       It affects your dexterity (+4).
   Fly:       It grants you flight.
 x - a +0 sling
 C - a +0 giant club
 F - the +10 dagger of Cutaf (weapon) {freeze, *Noise rF+ Dex+2}
   (You found it on level 6 of the Dungeon)

   Dex:       It affects your dexterity (+2).
   rF:        It protects you from fire.
   *Noise:    It may make noises in combat.
Missiles
 d - 2 throwing nets (quivered)
 e - a javelin
 f - 15 stones
 m - 6 datura-tipped darts
 n - 11 large rocks
 D - 7 boomerangs
Armour
 b - a +0 leather armour
 c - a +0 helmet
 j - a +0 scale mail
 s - a +1 hat (worn)
 t - a +1 pair of boots (worn)
 u - a scarf of resistance (worn)
 E - a +0 plate armour (worn)
Magical Staves
 H - a staff of earth
Wands
 y - a wand of charming (9)
Scrolls
 g - a scroll of enchant weapon {unknown}
 k - 3 scrolls of vulnerability {unknown}
 A - a scroll of enchant armour {unknown}
 B - 2 scrolls of identify {unknown}
 G - a scroll of teleportation
Potions
 l - a potion of attraction {unknown}
 o - a potion of resistance {unknown}
 p - 2 potions of mutation {unknown}
 q - 3 potions of curing {unknown}
 w - 2 potions of brilliance {unknown}
 z - a potion of magic {unknown}


   Skills:
 + Level 4.6 Fighting
 + Level 0.2 Short Blades
 + Level 6.6(7.2) Axes
 + Level 4.6(6.6) Maces & Flails
 + Level 2.2 Throwing
 + Level 5.1 Armour
 + Level 3.5 Dodging
 + Level 0.4 Stealth


You had 7 spell levels left.
You didn't know any spells.
Your spell library contained the following spells:

 Spells                   Type           Power      Damage    Failure   Level
 Ensorcelled Hibernation  Hex/Ice        0%         N/A       100%        2
 Passwall                 Tmut/Erth      0%         N/A       100%        2
 Swiftness                Air            0%         N/A       100%        3


Dungeon Overview and Level Annotations

Branches:
Dungeon (6/15)
 Temple: D:4-7

Altars:
Gozag
Nemelex Xobeh
Trog
Jiyva

Shops:
D:6 !*?


Innate Abilities, Weirdness & Mutations

You are immune to sickness and miasma.
Your stone body is resilient. (AC +5)
You are immune to poison.
You resist negative energy. (rN+)
You are resistant to electric shocks. (rElec)
You are resistant to unholy torment.
You are immune to petrification.
Your gelatinous body deflects attacks. (AC +3, EV +3)
You are covered in slimy tendrils that may disarm your opponents.


Message History

The jelly hits you but does no damage. The jelly attacks as you move away!
The jelly hits you but does no damage. x2
The jelly attacks as you move away! The jelly barely misses you.
The jelly attacks as you move away! The jelly barely misses you.
The water moccasin is no longer moving slowly.
You hit the jelly. You freeze the jelly.
Your hands burn!
* * * LOW HITPOINT WARNING * * *
The jelly is lightly wounded.
The jelly hits you.
* * * LOW HITPOINT WARNING * * *
You are splashed with acid!
* * * LOW HITPOINT WARNING * * *
You feel much better. The jelly barely misses you.
The jelly hits you but does no damage.
You hit the jelly. You freeze the jelly.
Your hands burn!
The jelly is severely wounded.
The jelly hits you.
You are splashed with acid!
The jelly barely misses you.
You hit the jelly. You freeze the jelly.
Your hands burn!
The jelly is almost dead.
The jelly closely misses you. The jelly hits you but does no damage.
The jelly barely misses you.
You hit the jelly but do no damage. The acid corrodes you!
Your hands burn!
* * * LOW HITPOINT WARNING * * *
The jelly is almost dead.
The jelly hits you.
* * * LOW HITPOINT WARNING * * *
You are splashed with acid.
* * * LOW HITPOINT WARNING * * *
The jelly hits you but does no damage. The jelly barely misses you.
You hit the jelly. You freeze the jelly.
Your hands burn!
* * * LOW HITPOINT WARNING * * *
The jelly is almost dead.
The jelly barely misses you. The jelly closely misses you.
The jelly hits you but does no damage.
Unknown command.
The jelly attacks as you move away! The jelly hits you but does no damage.
The jelly attacks as you move away! The jelly hits you but does no damage.
You hit the jelly. You freeze the jelly. The acid corrodes you!
Your hands burn!
You die...

... #.........# #.#
#..########
######.####..#.......
#............#.......
#............#.......
#...J........#.......
#.JJ.........#.......
######J##########.......
........@...........##'#.
....................#..#.
....................#..#.
....................##'#.
##.......#.##########....
#..................#....
+.......#..........#....
#.......#####......#....
########..##'######....


You could see 3 jellies.

Vanquished Creatures
  A two-headed ogre (D:6)
  An orc warrior (D:6)
  A sky beast (D:6)
  An ogre (D:6)
  A centaur (D:6)
  A phantom (D:4)
  2 bullfrogs (D:6)
  3 scorpions
  3 jellies (D:6)
  A gnoll bouda (D:4)
  3 orc wizards (D:6)
  8 gnolls (D:4)
  4 adders
  A shadow imp (D:6)
  4 ufetubi
  A dart slug (D:2)
  5 orcs
  2 giant cockroaches
  2 goblins
  3 hobgoblins
  5 jackals
  5 kobolds
  A quokka (D:3)
  2 ball pythons
  A bat (D:3)
  A frilled lizard (D:2)
  2 rats
65 creatures vanquished.

Vanquished Creatures (others)
  A gnoll (D:3)
  An adder (D:3)
  2 endoplasms
  A giant cockroach (D:3)
  3 hobgoblins
  2 jackals (D:4)
  A kobold (D:4)
  A ball python (D:2)
  A frilled lizard (D:3)
  A goblin (D:2)
  A withered plant (D:2)
15 creatures vanquished.

Grand Total: 80 creatures vanquished

Notes
Turn   | Place    | Note
-------+----------+-------------------------------------------
     0 | D:1      | Firzen the Gargoyle Gladiator began the quest for the Orb.
     0 | D:1      | Reached XP level 1. HP: 12/12 MP: 1/1
    67 | D:1      | Found a faded altar of an unknown god.
    86 | D:1      | Prayed at the altar of an unknown god.
    86 | D:1      | Became a worshipper of Jiyva Jomun the Shapeless
    86 | D:1      | Reached * piety under Jiyva
   288 | D:2      | Reached XP level 2. HP: 11/18 MP: 2/2
   327 | D:2      | Reached ** piety under Jiyva
   682 | D:3      | Reached XP level 3. HP: 22/22 MP: 3/3
   700 | D:3      | Identified the +4 hand axe "Mozoce" {drain, Fly Str-3 Int-5
                  | Dex+4}
   919 | D:4      | Noticed a scorpion
   930 | D:4      | Killed a scorpion
   931 | D:4      | Reached skill level 1 in Armour
   931 | D:4      | Reached XP level 4. HP: 25/27 MP: 4/4
   945 | D:4      | Reached XP level 5. HP: 25/31 MP: 5/5
   958 | D:4      | Reached skill level 1 in Axes
   988 | D:4      | Reached *** piety under Jiyva
  1017 | D:4      | Found a sparkling altar of Nemelex Xobeh.
  1018 | D:4      | Found an opulent altar of Gozag.
  1070 | D:4      | Reached XP level 6. HP: 29/37 MP: 6/6
  1075 | D:4      | Reached skill level 2 in Axes
  1270 | D:4      | Gained mutation: You are covered in slimy tendrils that may
                  | disarm your opponents. [Jiyva's grace]
  1270 | D:4      | Gained mutation: Your rubbery body absorbs attacks. (AC +1,
                  | EV +1) [Jiyva's grace]
  1270 | D:4      | Gained mutation: Your pliable body absorbs attacks. (AC +2,
                  | EV +2) [Jiyva's grace]
  1270 | D:4      | Gained mutation: Your gelatinous body deflects attacks. (AC
                  | +3, EV +3) [Jiyva's grace]
  1280 | D:5      | Entered Level 5 of the Dungeon
  1358 | D:5      | Reached skill level 3 in Axes
  1453 | D:5      | Reached XP level 7. HP: 41/41 MP: 7/7
  1533 | D:6      | Found Utioghop's Assorted Antiques.
  1567 | D:6      | Noticed a two-headed ogre
  1590 | D:6      | Killed a two-headed ogre
  1591 | D:6      | Reached skill level 5 in Axes
  1591 | D:6      | Reached XP level 8. HP: 48/48 MP: 8/8
  1640 | D:6      | Reached **** piety under Jiyva
  1648 | D:6      | Found Iruigo's Distillery.
  1669 | D:6      | Bought a potion of heal wounds for 70 gold pieces
  1698 | D:6      | Reached skill level 6 in Axes
  1720 | D:6      | Reached skill level 5 in Armour
  1856 | D:6      | Found Fas Ezxu's Magic Scroll Boutique.
  1862 | D:6      | Identified the +10 dagger of Cutaf {freeze, *Noise rF+
                  | Dex+2}
  1924 | D:6      | Bought a scroll of teleportation for 36 gold pieces
  1991 | D:6      | Found a bloodstained altar of Trog.
  1996 | D:6      | Fell from the grace of Jiyva
  1996 | D:6      | Became a worshipper of Trog the Wrathful
  2165 | D:6      | HP: 2/48 [acid[Jiyva] (4)]
  2167 | D:6      | Splashed by a jelly's acid

Illustrated notes

Levels and vault maps discovered:
D:1:      psy_arrival_conway, layout_basic, ebering_ecumenical_altar_mist
D:2:      layout_rooms, basic_altar, serial_shops, shop, serial_undead,
          serial_undead_c, serial_undead_c, serial_undead_b, serial_undead_b
D:3:      layout_loops_corners, uniq_jessica
D:4:      minmay_bubble_buster, layout_basic, grunt_temple_overflow_opulence
D:5:      layout_layer_cave, slow_altar_2, serial_rivers,
          chequers_serial_rivers_marsh, chequers_serial_rivers_small_a,
          chequers_serial_rivers_micro_b, chequers_serial_rivers_small_b
D:6:      layout_gridville, lightli_temple_of_fire, serial_shops, shop, shop,
          shop_statue, kennysheep_mini

Skill      XL: |  1  2  3  4  5  6  7  8 |
---------------+-------------------------+-----
Maces & Flails | 4 |  4.6
Armour         | 1 2 3 4 5 |  5.1
Axes           | 1 3 5 6 |  6.6
Dodging        | 3 |  3.5
Fighting       | 3 4 |  4.6
Throwing       | 2 |  2.2
Short Blades   | |  0.2
Stealth        | |  0.4

Action                     |  1- 3 |  4- 6 |  7- 9 || total
---------------------------+-------+-------+-------++-------
  Melee: Flail             |    26 |       |       ||    26
         Whip              |    26 |       |       ||    26
         Hand axe          |    10 |    73 |    61 ||   144
         Dagger            |       |       |    52 ||    52
  Throw: Throwing net      |       |       |     3 ||     3
    Use: Potion            |       |       |     2 ||     2
 Armour: Leather armour    |     6 |       |       ||     6
         Scale mail        |    26 |    38 |    22 ||    86
         Plate armour      |       |       |    71 ||    71
         Skin              |       |       |     2 ||     2
  Dodge: Dodged            |    51 |    39 |    70 ||   160

Table legend: (Time is in decaauts)
 A = Elapsed time spent in this place.
 B = Non-inter-level travel time spent in this place.
 C = Inter-level travel time spent in this place.
 D = Time resting spent in this place.
 E = Time spent auto-exploring this place.
 F = Levels seen in this place.
 G = Mean time per level.
                   A        B        C        D        E       F      G
               +--------+--------+--------+--------+--------+-----+--------+
         Total |   2180 |    670 |   1510 |      0 |      0 |   6 |  363.3 |
       Dungeon |   2180 |    670 |   1510 |      0 |      0 |   6 |  363.3 |
               +--------+--------+--------+--------+--------+-----+--------+

Top non-repeatable levels by time:
     D:6: 693 daAuts
     D:1: 389 daAuts
     D:4: 383 daAuts
     D:3: 279 daAuts
     D:2: 241 daAuts
     D:5: 193 daAuts
